 Dungeon Crawl Stone Soup version 0.27-a0-1191-g601b473118 (webtiles) character file.

Game seed: 13486470297960766670

61 Vomitron the Sneak (level 4, -6/38 HPs)
             Began as a Gnoll Brigand on May 25, 2021.
             Killed by divine providence
             ... invoked by an orc priest
              (13 damage)
             ... on level 2 of the Dungeon.
             The game lasted 00:01:35 (1478 turns).

Vomitron the Sneak (Gnoll Brigand)                  Turns: 1478, Time: 00:01:35

Health: -6/38      AC:  3    Str: 11    XL:     4   Next: 7%
Magic:  0/5        EV: 12    Int: 11    God:
Gold:   57         SH:  0    Dex: 13    Spells: 5/5 levels left

rFire    . . .     SeeInvis .   o - +0 mace (vorpal)
rCold    . . .     Faith    .   (no shield)
rNeg     . . .     Spirit   +   b - +0 robe
rPois    .         Reflect  .   (no helmet)
rElec    .         Harm     .   c - +0 cloak
rCorr    .         Rampage  .   (no gloves)
Will     .....                  (no boots)
Stlth    ++++......             j - amulet of guardian spirit
HPRegen  0.12/turn              (no ring)
MPRegen  0.09/turn              (no ring)

@: no status effects
A: fangs 1, strong nose, distributed training
a: no special abilities


You were on level 2 of the Dungeon.
You visited 1 branch of the dungeon, and saw 2 of its levels.

You collected 57 gold pieces.

Inventory:

Hand Weapons
 a - a +2 dagger
 o - a +0 vorpal mace (weapon)
Missiles
 d - 8 poisoned darts (quivered)
 e - 2 curare-tipped darts
Armour
 b - a +0 robe (worn)
 c - a +0 cloak (worn)
 h - a +0 chain mail
Jewellery
 j - an amulet of guardian spirit (around neck)
Scrolls
 f - 2 scrolls of vulnerability {unknown}
 g - a scroll of immolation {unknown}
 i - 2 scrolls of identify {unknown}
 k - a scroll of amnesia {unknown}
 l - a scroll of teleportation {unknown}
 m - a scroll of fog {unknown}
 n - a scroll of noise {unknown}


   Skills:
 + Level 4.6 Fighting
 + Level 4.6 Short Blades
 + Level 1.0 Long Blades
 + Level 1.0 Axes
 + Level 1.0 Maces & Flails
 + Level 1.0 Polearms
 + Level 1.0 Staves
 + Level 1.0 Slings
 + Level 1.0 Bows
 + Level 1.0 Crossbows
 + Level 4.6 Throwing
 + Level 1.0 Armour
 + Level 2.7 Dodging
 + Level 7.8 Stealth
 + Level 1.0 Shields
 + Level 1.0 Unarmed Combat
 + Level 1.0 Spellcasting
 + Level 0.7 Conjurations
 + Level 0.7 Hexes
 + Level 0.7 Summonings
 + Level 0.7 Necromancy
 + Level 0.7 Translocations
 + Level 0.7 Transmutations
 + Level 0.7 Fire Magic
 + Level 0.7 Ice Magic
 + Level 0.7 Air Magic
 + Level 0.7 Earth Magic
 + Level 0.7 Poison Magic
 + Level 1.1 Invocations
 + Level 1.0 Evocations


You had 5 spell levels left.
You didn't know any spells.
Your spell library was empty.

Dungeon Overview and Level Annotations

Branches:
Dungeon (2/15)

Altars:


Innate Abilities, Weirdness & Mutations

You have very sharp teeth.
Your uncanny sense of smell can sniff out nearby items.
Your experience applies equally to all skills.


Message History

The orc is almost dead.
The orc closely misses you. The orc hits you with a +0 vorpal mace.
You hit the orc.
You kill the orc!
You hit the orc.
The orc is moderately wounded.
You hit the orc.
The orc is moderately wounded.
The orc closely misses you.
The orc wizard hits you with a +0 dagger.
You closely miss the orc.
The orc is moderately wounded.
The orc priest mumbles some strange prayers to Beogh against you.
Beogh smites you! The orc misses you. The orc wizard closely misses you.
You hit the orc. Your bite misses the orc.
The orc is almost dead.
The orc misses you.
You barely miss the orc.
The orc is almost dead.
The orc wizard hits you with a +0 dagger.
The orc hits you with a +0 club.
* * * LOW HITPOINT WARNING * * *
You hit the orc.
You kill the orc!
The orc wizard hits you with a +0 dagger.
* * * LOW HITPOINT WARNING * * *
Items here: )) [[.
o - a +0 vorpal mace The orc wizard closely misses you.
The orc priest looks encouraged for a moment.
Unknown command.
o - a +0 vorpal mace (weapon)
Unknown command.
You thump the orc priest!
The orc priest is severely wounded.
The orc wizard hits you with a +0 dagger.
* * * LOW HITPOINT WARNING * * *
The orc priest calls down the wrath of Beogh upon you.
Beogh smites you!
You die...

######..# #.###.#####
#..# #o# #.# #..# #.#
#.# #..# #.# #.# #..#
#o# #.# #..####
####o# #.#
###.....####.##.# #.#
................o#.##
##########......@o..#
######.##.## #.####
#.# #.# #[# #.# #.


You could see an orc priest and an orc wizard.

Vanquished Creatures
  An adder (D:2)
  2 dart slugs
  2 orcs (D:2)
  3 endoplasms (D:1)
  4 giant cockroaches
  2 goblins (D:1)
  6 hobgoblins (D:1)
  4 jackals (D:1)
  4 quokkas
  3 ball pythons
  2 bats
  2 frilled lizards (D:1)
  3 kobolds (D:2)
  3 rats (D:2)
41 creatures vanquished.

Notes
Turn   | Place    | Note
-------+----------+-------------------------------------------
     0 | D:1      | Vomitron the Gnoll Brigand began the quest for the Orb.
     0 | D:1      | Reached XP level 1. HP: 20/20 MP: 1/1
   123 | D:1      | Reached XP level 2. HP: 26/26 MP: 2/2
   534 | D:1      | Reached XP level 3. HP: 30/31 MP: 3/3
  1017 | D:2      | Reached skill level 1 in Invocations
  1063 | D:2      | Reached skill level 1 in Long Blades
  1063 | D:2      | Reached skill level 1 in Axes
  1063 | D:2      | Reached skill level 1 in Maces & Flails
  1063 | D:2      | Reached skill level 1 in Polearms
  1063 | D:2      | Reached skill level 1 in Staves
  1063 | D:2      | Reached skill level 1 in Slings
  1063 | D:2      | Reached skill level 1 in Bows
  1063 | D:2      | Reached skill level 1 in Crossbows
  1063 | D:2      | Reached skill level 1 in Armour
  1063 | D:2      | Reached skill level 1 in Shields
  1063 | D:2      | Reached skill level 1 in Unarmed Combat
  1063 | D:2      | Reached skill level 1 in Spellcasting
  1063 | D:2      | Reached skill level 1 in Evocations
  1430 | D:2      | Reached XP level 4. HP: 37/38 MP: 5/5
  1478 | D:2      | Killed from afar by an orc priest

Illustrated notes

Levels and vault maps discovered:
D:1:      onia_arrival_pyramid, layout_basic, minmay_misc_feat_rugged
D:2:      cheibrodos_pilgrimage, layout_loops_ring,
          shapermc_ecumenical_altar_notcrosses

Skill      XL: |  1  2  3 |
---------------+----------+-----
Invocations    | 1 |  1.1
Long Blades    | 1 |  1.0
Axes           | 1 |  1.0
Maces & Flails | 1 |  1.0
Polearms       | 1 |  1.0
Staves         | 1 |  1.0
Slings         | 1 |  1.0
Bows           | 1 |  1.0
Crossbows      | 1 |  1.0
Armour         | 1 |  1.0
Shields        | 1 |  1.0
Unarmed Combat | 1 |  1.0
Spellcasting   | 1 |  1.0
Evocations     | 1 |  1.0
Fighting       | |  4.6
Short Blades   | |  4.6
Throwing       | |  4.6
Dodging        | |  2.7
Stealth        | |  7.8
Conjurations   | |  0.7
Hexes          | |  0.7
Summonings     | |  0.7
Necromancy     | |  0.7
Translocations | |  0.7
Transmutations | |  0.7
Fire Magic     | |  0.7
Ice Magic      | |  0.7
Air Magic      | |  0.7
Earth Magic    | |  0.7
Poison Magic   | |  0.7

Action                   |  1- 3 |  4- 6 || total
-------------------------+-------+-------++-------
Melee: Dagger            |    97 |    14 ||   111
       Bite              |    12 |       ||    12
       Mace              |       |     1 ||     1
  Use: Potion            |     2 |       ||     2
 Stab: Sleeping          |    16 |       ||    16
Armor: Robe              |    19 |       ||    19
Dodge: Dodged            |    55 |    11 ||    66

Table legend: (Time is in decaauts)
 A = Elapsed time spent in this place.
 B = Non-inter-level travel time spent in this place.
 C = Inter-level travel time spent in this place.
 D = Time resting spent in this place.
 E = Time spent auto-exploring this place.
 F = Levels seen in this place.
 G = Mean time per level.
                   A        B        C        D        E       F      G
               +--------+--------+--------+--------+--------+-----+--------+
         Total |   1452 |   1440 |     12 |    229 |    943 |   2 |  726.0 |
       Dungeon |   1452 |   1440 |     12 |    229 |    943 |   2 |  726.0 |
               +--------+--------+--------+--------+--------+-----+--------+

Top non-repeatable levels by time:
     D:1: 872 daAuts
     D:2: 579 daAuts
